 Dungeon Crawl Stone Soup version 0.17-a0-2211-gbb7320e (webtiles) character file.

158 Ordine the Magician (level 5, -3/28 HPs)
             Began as a Deep Elf Wizard on Oct 27, 2015.
             Killed by divine providence
             ... invoked by an orc priest
              (10 damage)
             ... on level 3 of the Dungeon.
             The game lasted 00:08:24 (2988 turns).

Ordine the Magician (Deep Elf Wizard)               Turns: 2988, Time: 00:08:24

Health: -3/28      AC:  3    Str:  4    XL:     5   Next: 16%
Magic:  4/15       EV: 13    Int: 24    God:
Gold:   100        SH:  0    Dex: 13    Spells: 5 memorised, 4 levels left

rFire  . . .     SeeInvis .     m - +1 dagger
rCold  . . .     Clarity  .     a - +1 robe
rNeg   . . .     SustAt   +     (no shield)
rPois  .         Gourm    .     b - +0 hat
rElec  .         Spirit   .     (no cloak)
rCorr  .         Warding  .     (no gloves)
rMut   .         Stasis   .     (no boots)
MR     +....                    (no amulet)
Stlth  ++........               r - ring of sustain attributes
                                i - ring of protection from magic

@: somewhat resistant to hostile enchantments, unstealthy
A: no striking features
a: no special abilities


You were on level 3 of the Dungeon.
You were not hungry.

You visited 1 branch of the dungeon, and saw 3 of its levels.

You collected 100 gold pieces.

Inventory:

Hand Weapons
 m - a +1 dagger (weapon)
Armour
 a - a +1 robe (worn)
 b - a +0 hat (worn)
Jewellery
 i - a ring of protection from magic (left hand)
 r - a ring of sustain attributes (right hand)
Scrolls
 j - a scroll of fog
 k - a scroll of magic mapping
 n - a scroll of enchant armour
Potions
 e - 2 potions of curing
 g - a potion of cancellation
 q - a potion of magic
 s - 2 potions of brilliance
 t - a potion of might
Books
 c - a book of Minor Magic

   Spells                             Type                      Level
   a - Magic Dart                     Conjuration                  1
   b - Blink                          Translocation                2
   c - Call Imp                       Summoning                    2
   d - Repel Missiles                 Charms/Air                   2
   e - Slow                           Hexes                        2
   f - Conjure Flame                  Conjuration/Fire             3
   g - Mephitic Cloud                 Conjuration/Poison/Air       3
Comestibles
 d - 3 bread rations
 f - a beef jerky
 h - 2 meat rations
 l - a slice of pizza
 o - 3 chunks of flesh
 p - a royal jelly


   Skills:
 + Level 0.1 Fighting
 + Level 0.4 Short Blades
 + Level 2.6 Dodging
 - Level 2.4 Stealth
 * Level 5.6 Spellcasting
 + Level 4.1 Conjurations
   Level 1.1 Summonings
 + Level 1.3 Translocations
 + Level 0.4 Fire Magic
 + Level 0.8 Air Magic


You had 4 spell levels left.
You knew the following spells:

 Your Spells              Type           Power        Failure   Level  Hunger
a - Magic Dart            Conj           ####         1%          1    None
b - Blink                 Tloc           N/A          10%         2    None
c - Conjure Flame         Conj/Fire      ###.....     12%         3    #......
d - Mephitic Cloud        Conj/Pois/Air  ##......     14%         3    #......
e - Repel Missiles        Chrm/Air       #.....       12%         2    None


Dungeon Overview and Level Annotations

Branches:
Dungeon (3/15)

Altars:
Qazlal


Message History

Press: ? - help, Shift-Dir - straight line, f - orc priest
Aim: an orc priest, wielding a dagger and wearing a leather armour The magic dart hits the orc priest.
The orc priest is lightly wounded.
The orc priest calls down the wrath of Beogh upon you.
You resist with some effort.
Things that are here:
a dagger; a robe You see here a bread ration.
You see here a bread ration.
d - 3 bread rations (gained 1)
The orc priest looks braver for a moment.
The orc priest casts a cantrip, but nothing happens.
The orc priest invokes the aid of Beogh against you.
Pain shoots through your body!
* * * LOW HITPOINT WARNING * * *
Found a stone staircase leading down.
The orc priest calls down the wrath of Beogh upon you.
Something smites you!
You die...

*###* ******,..###
,,,,,+,,...#
******,,,#.##
##########..##########
..........oo....@...>#
........###†########.#***
....(..............,,,,,*
........###.#######*,**,*
.....o..# #..#,,,,,,,,*,*
##.#.#### ##.#,*****,,*,*
#.#.# *..,,,,,,,,,,*
##.#.########..*,***,,***
............,..#,*,,,,*


You could see an orc priest and an orc.

Vanquished Creatures
  An orc wizard (D:3)
  2 adders
  3 gnolls (D:2)
  3 worms
  5 orcs
  A ball python (D:3)
  10 bats
  3 giant cockroaches
  4 hobgoblins
  9 kobolds
  3 quokkas
  6 giant newts
  10 goblins
  3 jackals (D:2)
  7 rats
70 creatures vanquished.

Notes
Turn   | Place    | Note
--------------------------------------------------------------
     0 | D:1      | Ordine the Deep Elf Wizard began the quest for the Orb.
     0 | D:1      | Reached XP level 1. HP: 10/10 MP: 7/7
   339 | D:1      | Reached XP level 2. HP: 15/15 MP: 4/9
   345 | D:1      | Learned a level 2 spell: Blink
   348 | D:1      | Learned a level 2 spell: Repel Missiles
  1076 | D:2      | Reached skill level 5 in Spellcasting
  1076 | D:2      | Reached XP level 3. HP: 19/19 MP: 7/11
  1081 | D:2      | Learned a level 3 spell: Conjure Flame
  1085 | D:2      | Learned a level 3 spell: Mephitic Cloud
  1865 | D:2      | Reached XP level 4. HP: 24/24 MP: 7/13
  2645 | D:3      | Found a stormy altar of Qazlal.
  2964 | D:3      | Reached XP level 5. HP: 18/28 MP: 4/15
  2988 | D:3      | Killed from afar by an orc priest

Vault maps used:
D:1:      saegor_arrival_simple_b
D:2:      forest_paths
D:3:      grunt_qazlal_clouds

Action                   |  1- 3 |  4- 6 || total
-------------------------+-------+-------++-------
Melee: Dagger            |     4 |     7 ||    11
 Cast: Magic Dart        |   110 |    62 ||   172
       Repel Missiles    |     1 |       ||     1
       Conjure Flame     |       |     3 ||     3
  Use: Scroll            |     5 |     7 ||    12
  Eat: Chunk             |     3 |     3 ||     6
